 Dungeon Crawl Stone Soup version 0.28-b1-1-g3c77fb2ed1 (webtiles) character file.

Game seed: 18137225044397158072

10497 MacCMillion the Fighter (level 11, -1/101 HPs)
             Began as a Minotaur Fighter on Jan 27, 2022.
             Was a Believer of Makhleb.
             Killed from afar by Fannar (34 damage)
             ... with a bolt of cold
             ... on level 11 of the Dungeon on Jan 28, 2022.
             The game lasted 00:39:03 (12250 turns).

MacCMillion the Fighter (Minotaur Fighter)         Turns: 12250, Time: 00:39:04

Health: -1/101     AC: 23    Str: 25    XL:     11   Next: 36%
Magic:  17/17      EV:  7    Int:  5    God:    Makhleb [**....]
Gold:   543        SH:  4    Dex: 10    Spells: 10/10 levels left

rFire   . . .      SeeInvis .   Z - +6 trident (venom)
rCold   . . .      Faith    .   c - +0 buckler
rNeg    . . .      Spirit   .   N - +0 plate armour
rPois   .          Reflect  .   (helmet restricted)
rElec   .          Harm     .   q - +0 cloak
rCorr   .          Rampage  .   (no gloves)
Will    .....                   (no boots)
Stlth   ..........              O - amulet "Ozahahum" {RegenMP Fragile +Blink Regen+ Slay+5}
HPRegen 1.06/turn               F - +4 ring of protection
MPRegen 0.55/turn               P - +4 ring of protection

@: no status effects
A: horns 2, retaliatory headbutt
a: Renounce Religion, Evoke Blink, Minor Destruction


You were on level 11 of the Dungeon.
You worshipped Makhleb.
Makhleb was pleased with you.
You visited 1 branch of the dungeon, and saw 11 of its levels.
You also visited: Sewer and Ossuary.

You collected 543 gold pieces.

Inventory:

Hand Weapons
 a - a +0 flail
 l - a +0 war axe
 r - a +1 dagger of electrocution
 D - the +9 spear "Didu" {vorpal, MP+9}
   (You found it on level 5 of the Dungeon)

   It inflicts extra damage upon your enemies.
   MP:        It affects your magic capacity (+9).
 M - a +4 hand axe
 Z - a +6 trident of venom (weapon)
Missiles
 u - a silver boomerang
 A - 4 atropa-tipped darts
 C - 38 poisoned darts (quivered)
 I - 3 throwing nets
Armour
 b - a +0 scale mail
 c - a +0 buckler (worn)
 q - a +0 cloak (worn)
 N - a +0 plate armour (worn)
 Y - a scarf of harm
Jewellery
 F - a +4 ring of protection (left hand)
 H - a ring of flight
 O - the amulet "Ozahahum" (around neck) {RegenMP Fragile +Blink Regen+ Slay+5}
   (You found it on level 8 of the Dungeon)

   [amulet of magic regeneration]

   It increases your rate of magic regeneration.
   Slay:      It affects your accuracy & damage with ranged weapons and melee
   (+5).
   +Blink:    It lets you blink.
   Regen:     It increases your rate of health regeneration.
   Fragile:   It will be destroyed if unequipped.
 P - a +4 ring of protection (right hand)
 R - a +4 ring of evasion
 S - the ring "Loro" {Fly rPois rC+ Str+2}
   (You found it on level 8 of the Dungeon)

   [ring of poison resistance]

   Str:       It affects your strength (+2).
   rC:        It protects you from cold.
   rPois:     It protects you from poison.
   Fly:       It grants you flight.
 T - an amulet of reflection
Wands
 v - a wand of polymorph (20)
 E - a wand of iceblast (7)
 J - a wand of paralysis (14)
 K - a wand of flame (37)
 V - a wand of mindburst (7)
Scrolls
 d - 4 scrolls of magic mapping {unknown}
 g - a scroll of fear
 h - 4 scrolls of amnesia {unknown}
 k - 4 scrolls of teleportation
 n - 5 scrolls of fog {unknown}
 p - 2 scrolls of holy word {unknown}
 s - 5 scrolls of enchant weapon {unknown}
 y - 4 scrolls of enchant armour {unknown}
 z - 2 scrolls of noise
 B - 2 scrolls of vulnerability {unknown}
Potions
 e - 2 potions of ambrosia
 f - 3 potions of mutation
 i - a potion of invisibility
 j - a potion of haste {unknown}
 m - 2 potions of heal wounds
 o - a potion of flight {unknown}
 t - 3 potions of brilliance
 w - 3 potions of curing
 x - a potion of lignification {unknown}
 L - 3 potions of magic {unknown}
 Q - a potion of degeneration {unknown}
 U - a potion of attraction {unknown}
 W - a potion of berserk rage {unknown}
Miscellaneous
 X - a phantom mirror


   Skills:
 + Level 10.7 Fighting
 - Level 9.8(10.2) Axes
 - Level 4.1(7.5) Maces & Flails
 * Level 0.0(6.0) Polearms
 - Level 4.0 Throwing
 - Level 10.0 Armour
 + Level 0.8 Dodging
 - Level 4.0 Shields
 * Level 9.9 Invocations
 * Level 1.1 Evocations


You had 10 spell levels left.
You didn't know any spells.
Your spell library contained the following spells:

 Spells                   Type           Power      Damage    Failure   Level
 Magic Dart               Conj           0%         1d3       100%        1
 Sandblast                Erth           0%         2d4       100%        1
 Call Imp                 Summ           0%         N/A       100%        2
 Ensorcelled Hibernation  Hex/Ice        0%         N/A       100%        2
 Passwall                 Tmut/Erth      0%         N/A       100%        2
 Conjure Flame            Conj/Fire      0%         6-21      100%        3
 Ignite Poison            Fire/Tmut/Pois 0%         N/A       100%        3
 Mephitic Cloud           Conj/Pois/Air  0%         N/A       100%        3
 Spider Form              Tmut/Pois      0%         N/A       100%        3
 Stone Arrow              Conj/Erth      0%         3d7       100%        3
 Anguish                  Hex/Necr       0%         N/A       100%        4
 Sticky Flame             Conj/Fire      0%         2d3       100%        4


Dungeon Overview and Level Annotations

Branches:
Dungeon (11/15)             Sewer (visited)         Ossuary (visited)
 Temple: D:4-7         Lair: D:8-11         Orc: D:9-12

Altars:
Ashenzari
Makhleb
Nemelex Xobeh
Ru
Trog
Vehumet
Xom
Zin
The Shining One

Shops:
D:1 (   D:9 *   D:11 (

Annotations:
D:7 exclusion: skeletal warrior, Joseph
D:8 2 runed translucent doors, exclusion: 2 doors
D:11 1 runed translucent door, Fannar; nogo's ghost, journeyman TrAK


Innate Abilities, Weirdness & Mutations

You have a pair of horns on your head.
You reflexively headbutt those who attack you in melee.


Message History

Found a hunting sling.
Fannar hits you but does no damage.
There is a broken door here.
You hit Fannar.
Fannar is poisoned.
Your headbutt misses Fannar.
Fannar is lightly wounded.
Fannar hits you with a staff of cold. Fannar freezes you!
You puncture Fannar!
Fannar looks as sick as possible!
Fannar is moderately wounded.
Fannar hits you but does no damage. Fannar freezes you!
You barely miss Fannar.
Fannar is moderately wounded.
Fannar closely misses you. You furiously retaliate!
You headbutt Fannar, but do no damage. You hit Fannar.
Fannar looks as sick as possible!
Your headbutt misses Fannar.
Fannar is moderately wounded.
Fannar hits you but does no damage. Fannar freezes you!
You hit Fannar but do no damage.
Fannar looks as sick as possible!
Fannar is moderately wounded.
Fannar completely misses you.
You miss Fannar. Your headbutt misses Fannar.
Fannar is heavily wounded.
Fannar casts a spell.
Fannar drains the heat from the surrounding environment!
Fannar hits you but does no damage. Fannar freezes you!
* * * LOW HITPOINT WARNING * * *
You feel much better. Fannar barely misses you. You furiously retaliate!
You headbutt Fannar. You miss Fannar.
Fannar is heavily wounded.
Fannar hits you but does no damage. Fannar freezes you.
Unknown command.
Fannar gestures wildly while chanting.
Fannar drains the heat from the surrounding environment!
* * * LOW HITPOINT WARNING * * *
Unknown command.
There is an open door here.
You close the door.
Fannar opens the door.
Fannar casts a spell at you. The bolt of cold hits you!!
You die...

####### ###########
......) #...........
....... #..)........ #
....... #........... #
...$... #........... #
....... ###...........
+
.......###e'...........
#
.......'...#.@.........
#
.......#####.<.........
# ....... #.....>.....
# ....... ###'########
###+### #.# #.#
###'##########
#........>...#
#............#


You could see Fannar (very poisoned).

Vanquished Creatures
  Harold (D:7)
  A catoblepas (D:8)
  4 two-headed ogres
  Pikel (D:9)
  A cyclops (D:8)
  A troll (D:9)
  A slime creature (D:8)
  Sigmund (D:5)
  6 yaks
  A steam dragon (D:7)
  4 vampire mosquitoes (D:10)
  4 water moccasins
  3 sky beasts
  An orc warrior (D:8)
  2 necrophages (D:6)
  An ice beast (D:8)
  3 centaurs
  3 ogres
  4 kobold brigands
  A lemure (D:9)
  A phantom (D:5)
  2 bullfrogs (D:8)
  2 gnoll sergeants
  Blork the orc (D:5)
  A scorpion (D:4)
  A wyvern zombie (D:7)
  A wyvern skeleton (D:5)
  A water moccasin zombie (D:6)
  2 water moccasin skeletons
  9 killer bees (D:8)
  4 wights
  6 howler monkeys
  2 centaur zombies
  3 hounds
  A jelly (D:4)
  An orc priest (D:8)
  Ijyb (D:5)
  An iguana (D:3)
  2 orc wizards (D:8)
  A scorpion zombie (D:5)
  A killer bee zombie (D:5)
  2 mummies
  2 howler monkey zombies
  15 gnolls
  7 adders
  A river rat (Sewer)
  A shadow imp (D:7)
  4 worms (D:3)
  2 dart slugs
  18 orcs
  7 spectral bats (Ossuary)
  A bat (D:3)
  2 endoplasms
  6 giant cockroaches
  9 goblins
  7 hobgoblins
  5 jackals (Sewer)
  5 quokkas
  6 ball pythons
  A bat simulacrum (Ossuary)
  11 frilled lizards
  12 gnoll zombies (Ossuary)
  3 goblin zombies (Ossuary)
  4 hobgoblin zombies (Ossuary)
  10 kobolds
  4 kobold simulacra (Ossuary)
  6 kobold zombies (Ossuary)
  5 orc zombies (Ossuary)
  4 rats (Sewer)
  3 rat simulacra (Ossuary)
  4 spectral goblins (Ossuary)
  3 spectral kobolds (Ossuary)
  4 spectral rats (Ossuary)
262 creatures vanquished.

Vanquished Creatures (others)
  A wizard (D:5)
  7 plants (Sewer)
8 creatures vanquished.

Grand Total: 270 creatures vanquished

Notes
Turn   | Place    | Note
-------+----------+-------------------------------------------
     0 | D:1      | MacCMillion the Minotaur Fighter began the quest for the
                  | Orb.
     0 | D:1      | Reached XP level 1. HP: 19/19 MP: 0/0
   188 | D:1      | Found Waisi's Antique Weapon Shop.
   194 | D:1      | Reached XP level 2. HP: 26/27 MP: 1/1
   576 | D:1      | Found a faded altar of an unknown god.
   978 | D:2      | Reached XP level 3. HP: 27/33 MP: 2/2
  1235 | D:2      | Reached XP level 4. HP: 32/40 MP: 3/3
  2079 | D:3      | Reached skill level 1 in Axes
  2172 | D:3      | Found a glowing drain.
  2196 | Sewer    | Entered a sewer
  2307 | Sewer    | Reached XP level 5. HP: 46/47 MP: 4/4
  2728 | Sewer    | Reached skill level 5 in Fighting
  2728 | Sewer    | Reached skill level 5 in Armour
  2728 | Sewer    | Reached XP level 6. HP: 39/56 MP: 5/5
  3471 | D:3      | Found a burning altar of Makhleb.
  3555 | D:3      | Noticed a water moccasin
  3563 | D:3      | Killed a water moccasin
  3564 | D:3      | Reached skill level 5 in Axes
  4143 | D:3      | Found a sacrificial altar of Ru.
  4152 | D:3      | Found a sparkling altar of Nemelex Xobeh.
  4428 | D:4      | Reached XP level 7. HP: 34/61 MP: 6/6
  4586 | D:4      | Found a sand-covered staircase.
  4597 | Ossuary  | Entered an ossuary
  5454 | D:3      | Became a worshipper of Makhleb the Destroyer
  5500 | D:5      | Entered Level 5 of the Dungeon
  5549 | D:5      | Noticed Ijyb
  5550 | D:5      | Identified the +9 spear "Didu" {vorpal, MP+9}
  5569 | D:5      | Found a radiant altar of Vehumet.
  5805 | D:5      | Reached skill level 1 in Invocations
  6149 | D:5      | Reached XP level 8. HP: 50/69 MP: 8/8
  6246 | D:5      | You fall into a shaft and drop 1 floor!
  6389 | D:5      | Found a bloodstained altar of Trog.
  6392 | D:5      | Noticed a wizard
  6396 | D:5      | Killed a wizard
  6468 | D:5      | Killed Ijyb
  6475 | D:5      | Noticed Blork the orc
  6487 | D:5      | Killed Blork the orc
  6588 | D:5      | Noticed Sigmund
  6621 | D:5      | Killed Sigmund
  7441 | D:6      | Reached * piety under Makhleb
  7508 | D:6      | Reached XP level 9. HP: 77/78 MP: 10/10
  8134 | D:7      | Noticed Harold
  8152 | D:7      | Killed Harold
  8502 | D:7      | Found a broken altar of Ashenzari.
  8647 | D:7      | Noticed a skeletal warrior
  8651 | D:7      | Noticed a skeletal warrior
  8842 | D:7      | Noticed Joseph
  9210 | D:8      | Reached skill level 5 in Invocations
  9515 | D:8      | Reached ** piety under Makhleb
  9517 | D:8      | Reached XP level 10. HP: 89/89 MP: 13/13
  9530 | D:8      | Identified the amulet "Ozahahum" {RegenMP Fragile +Blink
                  | Regen+ Slay+5}
  9778 | D:8      | Found a large runed translucent door.
  9780 | D:8      | Found a large runed translucent door.
  9781 | D:8      | Noticed a catoblepas
  9787 | D:8      | Found a large runed translucent door.
  9787 | D:8      | Found a large runed translucent door.
 10131 | D:8      | Noticed a two-headed ogre
 10405 | D:8      | Killed a two-headed ogre
 10459 | D:8      | Noticed a cyclops
 10464 | D:8      | Killed a cyclops
 10467 | D:8      | Identified the ring "Loro" {Fly rPois rC+ Str+2}
 10521 | D:9      | Found a glowing silver altar of Zin.
 10647 | D:9      | Found Rehaduit's CLEARANCE SALE!.
 10698 | D:9      | Noticed a two-headed ogre
 10699 | D:9      | Noticed Pikel
 10723 | D:9      | Killed a two-headed ogre
 10737 | D:9      | Killed Pikel
 10761 | D:9      | Noticed a two-headed ogre
 10768 | D:9      | Killed a two-headed ogre
 10769 | D:9      | Reached XP level 11. HP: 99/99 MP: 16/16
 10870 | D:9      | Reached skill level 10 in Armour
 10880 | D:9      | Reached skill level 10 in Fighting
 10898 | D:9      | Noticed a two-headed ogre
 10902 | D:9      | Killed a two-headed ogre
 11127 | D:10     | Entered Level 10 of the Dungeon
 11209 | D:10     | Found a glowing golden altar of the Shining One.
 11904 | D:11     | Found Venk's Weapon Shoppe.
 11956 | D:11     | Found a runed translucent door.
 11957 | D:11     | Found a shimmering altar of Xom.
 11957 | D:11     | Noticed nogo's ghost (journeyman TrAK)
 11957 | D:11     | Noticed a +1 quarterstaff of chaos
 12054 | D:8      | Killed a catoblepas
 12055 | D:8      | Reached skill level 1 in Evocations
 12217 | D:11     | Found the +6 shillelagh "Devastator" {shatter}
 12229 | D:11     | Noticed Fannar
 12250 | D:11     | Killed from afar by Fannar

Illustrated notes

Levels and vault maps discovered:
D:1:      nicolae_arrival_memento_mori, layout_loops_ring, serial_shops, shop,
          shapermc_ecumenical_altar_hornbeckon, bh_walls_and_bars
D:2:      layout_loops_corners, minmay_pentomino_s4
D:3:      layout_basic, amethyst_overflow_temple_binary,
          nicolae_overflow_hidden_temple, cheibrodos_sewer_entry_drain
D:4:      layout_basic, minmay_temple_entry_drinking_statues,
          gup_ossuary_entry_pyramid
D:5:      layout_cave_pools, amcnicky_altar_gilded, trog_wizard, uniq_ijyb,
          uniq_blork_the_orc, uniq_sigmund
D:6:      layout_basic
D:7:      layout_rooms, evilmike_ruin_ashenzari, kennysheep_mini_moat,
          uniq_harold, uniq_joseph
D:8:      layout_basic, minmay_hollow_rounded_squares
D:9:      layout_long_grid, mainiacjoe_overflow_alcove_1,
          nicolae_shop_clearance, uniq_pikel
D:10:     layout_loops_ring, mainiacjoe_overflow_catwalk,
          hangedman_abyss_or_decor_lesser_grid
D:11:     layout_roguey, erik_lair_dragon, serial_shops,
          nicolae_shop_bloodbath_and_beyond, ebering_ghost_xom, uniq_fannar

Skill      XL: |  1  2  3  4  5  6  7  8  9 10 11 |
---------------+----------------------------------+-----
Maces & Flails | 3 4 |  4.1
Fighting       | 4 5 6 8 9 10 | 10.7
Armour         | 4 5 6 8 9 10 | 10.0
Shields        | 4 |  4.0
Axes           | 1 3 6 8 9 |  9.8
Invocations    | 1 3 5 8 9 |  9.9
Throwing       | 3 4 |  4.0
Evocations     | 1 |  1.1
Dodging        | |  0.8

Action                   |  1- 3 |  4- 6 |  7- 9 | 10-12 || total
-------------------------+-------+-------+-------+-------++-------
Melee: Flail             |    82 |     6 |       |       ||    88
       Headbutt          |     7 |    20 |    63 |    29 ||   119
       War axe           |       |   164 |   226 |       ||   390
       Spear             |       |       |    93 |   169 ||   262
       Hand axe          |       |       |     2 |       ||     2
       Trident           |       |       |       |     7 ||     7
Throw: Dart              |       |       |    23 |     5 ||    28
       Boomerang         |       |       |     1 |     1 ||     2
  Use: Scroll            |       |     3 |     1 |     4 ||     8
       Potion            |       |     1 |       |     1 ||     2
 Stab: Petrified         |       |       |       |     1 ||     1
Armor: Scale mail        |    26 |    72 |   112 |       ||   210
       Plate armour      |       |       |    31 |    73 ||   104
Dodge: Dodged            |    26 |    77 |   114 |    37 ||   254
Block: Buckler           |    14 |    38 |    53 |    18 ||   123
